 Dungeon Crawl Stone Soup version 0.28.0-43-g3370ac3207 (webtiles) character file.

Game seed: 1848748266457952408

65 demenzo the Scratcher (level 3, 0/16 HPs)
             Began as a Felid Transmuter on Mar 30, 2022.
             Slain by an adder (4 damage)
             ... on level 3 of the Dungeon.
             The game lasted 00:06:20 (4382 turns).

demenzo the Scratcher (Felid Transmuter)            Turns: 4382, Time: 00:06:20

Health: 0/16       AC:  1    Str:  6    XL:     3   Next: 92%
Magic:  6/7        EV: 17    Int: 16    God:
Gold:   67         SH:  0    Dex: 16    Spells: 2/6 levels left
                                        Lives:  0   Deaths: 0

rFire   . . .      SeeInvis +     - Unarmed
rCold   + . .      Faith    .   (shield unavailable)
rNeg    . . .      Spirit   .   (armour unavailable)
rPois   +          Reflect  .   (helmet unavailable)
rElec   .          Harm     .   (cloak unavailable)
rCorr   .          Rampage  .   (gloves unavailable)
Will    .....                   (boots unavailable)
Stlth   ++........              g - amulet of the acrobat
HPRegen 0.05/turn               b - ring of poison resistance
MPRegen 0.10/turn               e - ring of protection from cold

@: appendages, quick
A: horns 2, very small, claws 1, fangs 3, see invisible, speed 1, shaggy fur 1,
stealthy paws, no weapons or thrown items, no armour, multi-lived
a: End Transformation


You were on level 3 of the Dungeon.
You had temporarily grown beastly horns.
You visited 1 branch of the dungeon, and saw 3 of its levels.

You collected 105 gold pieces.
You spent 38 gold pieces at shops.

Inventory:

Jewellery
 b - a ring of poison resistance (left paw)
 e - a ring of protection from cold (right paw)
 g - an amulet of the acrobat (around neck)
Scrolls
 a - a scroll of noise {unknown}
 c - 3 scrolls of identify
 f - a scroll of amnesia {unknown}
 h - a scroll of fear
 i - a scroll of teleportation {unknown}
Potions
 d - 2 potions of curing


   Skills:
 + Level 1.8 Fighting
 - Level 3.0 Dodging
 + Level 0.4 Stealth
 * Level 4.0 Unarmed Combat
 - Level 2.0 Spellcasting
 + Level 0.0 Hexes
 - Level 3.0 Transmutations


You had 2 spell levels left.
You knew the following spells:

 Your Spells              Type           Power      Damage    Failure   Level
a - Beastly Appendage     Tmut           22%        N/A       6%          1
b - Confusing Touch       Hex            1%         N/A       52%         3

Your spell library contained the following spells:

 Spells                   Type           Power      Damage    Failure   Level
 Wereblood                Tmut           11%        N/A       9%          2
 Slow                     Hex            4%         N/A       21%         1
 Spider Form              Tmut/Pois      6%         N/A       32%         3
 Vampiric Draining        Necr           1%         2d6       52%         3
 Ice Form                 Ice/Tmut       6%         N/A       73%         4


Dungeon Overview and Level Annotations

Branches:
Dungeon (3/15)

Altars:

Shops:
D:1 ?


Innate Abilities, Weirdness & Mutations

You have temporarily grown beastly horns.
You have sharp claws.
You have razor-sharp teeth.
You have supernaturally acute eyesight. (SInv)
You cover ground quickly. (Speed+)
You are covered in fur. (AC +1)
Your paws help you pounce on unaware monsters.
You are incapable of wielding weapons or throwing items.
You cannot wear armour.
You gain extra lives every three experience levels.


Message History

You kill the ball python!
Your Unarmed Combat skill increases to level 4!
No target in view!
No target in view!
No target in view!
You see here a ball python corpse.
An adder comes into view.
Found a book of Changes.
An adder is nearby!
An adder is nearby!
An adder is nearby!
The adder hisses angrily.
Casting: Beastly Appendage (safe; 6% risk of failure)
Confirm with . or Enter, or press ? or * to list all spells.
You grow a pair of large bovine horns.
The adder misses you. x2
You closely miss the adder. Your headbutt misses the adder.
The adder bites you.
You are poisoned.
The adder poisons you!
You scratch the adder. Your headbutt misses the adder.
Your bite misses the adder.
The adder is lightly wounded.
You feel sick. The adder bites you.
You are too injured to fight recklessly!
You are too injured to fight recklessly!
You are too injured to fight recklessly!
You are too injured to fight recklessly!
Unknown command.
You scratch the adder but do no damage.
The adder is lightly wounded.
You feel sick. The adder barely misses you.
You scratch the adder. You headbutt the adder. Your bite misses the adder.
The adder is severely wounded.
You feel sick. The adder misses you.
You closely miss the adder. Your bite misses the adder.
The adder is severely wounded.
You feel sick.
You are no longer poisoned.
The adder bites you.
You die...

..S# #.. #.#
...# #.# #.#
#.# #.# #†#
#.# #.# #.#
#.# #.# #.#
#.# #.# #S#
#.# .## #@#
#.#
.....#.####.#
.:...........#
..############


You could see an adder.

Vanquished Creatures
  An adder (D:2)
  A worm (D:3)
  2 dart slugs
  4 bats
  6 endoplasms
  6 goblins
  2 hobgoblins
  2 quokkas
  9 ball pythons
  3 frilled lizards
  9 kobolds
  4 rats
49 creatures vanquished.

Notes
Turn   | Place    | Note
-------+----------+-------------------------------------------
     0 | D:1      | demenzo the Felid Transmuter began the quest for the Orb.
     0 | D:1      | Reached XP level 1. HP: 9/9 MP: 4/4
   726 | D:1      | Found a faded altar of an unknown god.
   806 | D:1      | Found Uhojuaq's Magic Scroll Emporium.
   822 | D:1      | Reached XP level 2. HP: 12/12 MP: 4/6
  2099 | D:2      | Reached XP level 3. HP: 13/15 MP: 5/7
  3127 | D:1      | Bought a scroll of fear for 38 gold pieces
  4122 | D:3      | Learned a level 3 spell: Confusing Touch
  4362 | D:3      | Reached skill level 4 in Unarmed Combat
  4382 | D:3      | Slain by an adder

Illustrated notes

Levels and vault maps discovered:
D:1:      psy_arrival_conway, layout_loops_ring, ebering_ecumenical_altar_mist,
          serial_shops, nicolae_shop_temple_entry_statues_fountains
D:2:      layout_basic
D:3:      layout_loops_ring, minmay_pentangle, uniq_natasha, uniq_sigmund

Skill      XL: |  1  2  3 |
---------------+----------+-----
Dodging        | 3 |  3.0
Transmutations | 3 |  3.0
Unarmed Combat | 4 |  4.0
Fighting       | |  1.8
Stealth        | |  0.4
Spellcasting   | |  2.0

Action                   || total
-------------------------++-------
Melee: Unarmed           ||   135
       Bite              ||     9
       Punch             ||     1
       Headbutt          ||    17
 Cast: Beastly Appendage ||    34
  Use: Scroll            ||     1
 Stab: Sleeping          ||     2
Armor: Skin              ||     8
Dodge: Dodged            ||   123
